 Dungeon Crawl Stone Soup version 0.27-a0-1065-ge809cff456 (webtiles) character file.

Game seed: 11302430123895742149

483 wakim the Magician (level 7, -4/51 HPs)
             Began as a Djinni Conjurer on Apr 23, 2021.
             Slain by an iguana (6 damage)
             ... on level 5 of the Dungeon.
             The game lasted 00:12:02 (4663 turns).

wakim the Magician (Djinni Conjurer)                Turns: 4663, Time: 00:12:02

Health: -4/51      AC:  4    Str:  6    XL:     7   Next: 12%
Gold:   1322       EV: 12    Int: 21    God:
                   SH:  4    Dex: 12

rFire    + + .     SeeInvis .   a - +8 short sword of Honour {pain, +Blink}
rCold    x . .     Faith    .   h - +0 buckler
rNeg     . . .     Spirit   .   j - +1 robe
rPois    ∞         Reflect  .   i - +0 helmet
rElec    .         Harm     .   (no cloak)
rCorr    .         Rampage  .   (no gloves)
Will     .....                  (boots unavailable)
Stlth    ++........             (no amulet)
HPRegen  0.17/turn              (no ring)
MPRegen  0.00/turn              (no ring)

@: flying, very slightly contaminated
A: fire resistance 2, cold vulnerability 1, float, innate caster, hp casting,
extra vitality 1
a: Evoke Blink


You were on level 5 of the Dungeon.
You visited 1 branch of the dungeon, and saw 5 of its levels.
You also visited: Sewer.

You collected 1322 gold pieces.

Inventory:

Hand Weapons
 a - the +8 short sword of Honour (weapon) {pain, +Blink}
   (You found it on level 4 of the Dungeon)

   In the hands of one skilled in necromantic magic, it inflicts extra damage on
   living creatures.
   It lets you blink.
Missiles
 e - a curare-tipped dart {=f}
Armour
 h - a +0 buckler (worn)
 i - a +0 helmet (worn)
 j - a +1 robe (worn)
Wands
 t - a wand of digging (5)
Scrolls
 r - a scroll of identify
 T - 2 scrolls of teleportation
Potions
 b - 3 potions of curing {unknown}
 c - a potion of ambrosia {unknown}
 d - 2 potions of degeneration {unknown}
 f - 2 potions of heal wounds {unknown}
 C - 2 potions of berserk rage {!q}
 L - 2 potions of lignification {!q}


   Skills:
 + Level 3.8 Fighting
 - Level 3.4 Dodging
 + Level 2.2 Stealth
 * Level 2.4 Shields
 + Level 5.0 Spellcasting


You couldn't memorise any spells.
You knew the following spells:

 Your Spells              Type           Power      Damage    Failure   Level
a - Magic Dart            Conj           100%       1d8       1%          1
b - Dazzling Flash        Conj/Hex       52%        N/A       4%          3
c - Sting                 Tmut/Pois      100%       1d8       1%          1
d - Stone Arrow           Conj/Erth      52%        3d10      4%          3
q - Passwall              Tmut/Erth      21%        N/A       2%          2
s - Searing Ray           Conj           52%        3d5       2%          2
x - Iskenderun's Mystic   Conj/Tloc      26%        2d7       16%         4
z - Fulminant Prism       Conj/Hex       13%        3d9       16%         4
Your spell library was empty.

Dungeon Overview and Level Annotations

Branches:
Dungeon (5/15)              Sewer (visited)
 Temple: D:4-7

Altars:
Makhleb

Shops:
D:1 [(

Annotations:
D:4 4 transporters, casual's ghost, novice DjCj


Innate Abilities, Weirdness & Mutations

You are immune to poison.
Your flesh is very heat resistant. (rF++)
You are vulnerable to cold. (rC-)
You float through the air rather than walking.
You learn spells naturally, not from books.
Your magical power is your life essence.
You have superior vitality. (+4 HP)


Message History

The bullfrog skeleton hits you.
* * * LOW HITPOINT WARNING * * *
Your Shields skill increases to level 2!
Your Spellcasting skill increases to level 5!
You have reached level 7!
The power to cast Stone Arrow wells up from within.
Spell assigned to 'd'.
Casting: Searing Ray (safe; 2% risk of failure)
Confirm with . or Enter, or press ? or * to list all spells.
Aiming: Searing Ray (safe; 2% risk of failure)
Press: ? - help, Shift-Dir - straight line, f - bullfrog skeleton
Aim: a bullfrog skeleton (almost destroyed, 93% to hit)
The searing ray hits the bullfrog skeleton!
You destroy the bullfrog skeleton!
The searing ray hits the iguana!
The iguana is heavily wounded. (Press . to maintain the ray.)
* * * LOW HITPOINT WARNING * * *
The searing ray misses the iguana.
* * * LOW HITPOINT WARNING * * *
The iguana hisses menacingly.
Okay, then.
Unknown command.
You closely miss the iguana.
The iguana is heavily wounded.
You block the iguana's attack.
You hit the iguana but do no damage.
The iguana is heavily wounded.
The iguana bites you.
* * * LOW HITPOINT WARNING * * *
Casting: Searing Ray (safe; 2% risk of failure)
Confirm with . or Enter, or press ? or * to list all spells.
Aiming: Searing Ray (safe; 2% risk of failure)
Press: ? - help, Shift-Dir - straight line, f - iguana
Aim: an iguana (heavily wounded, 82% to hit)
The searing ray misses the iguana. (Press . to maintain the ray.)
* * * LOW HITPOINT WARNING * * *
The iguana bites you.
You die...

#..###...######+# ...
+..............^#
....#...............#
....#+#########.....#
#............#.....#
#............'.....##
#............#......#
#....†.).....#.....##
#..))l@......#######
....####......# .
#......# #......#
#..[...# ##......#
#.......# #.......#
#.......#


You could see an iguana.

Vanquished Creatures
  A kobold brigand (Sewer)
  A scorpion (D:5)
  A jelly (D:4)
  A bullfrog skeleton (D:5)
  A gnoll shaman (D:5)
  An iguana (D:4)
  Robin (D:4)
  3 gnolls (D:5)
  5 adders
  4 river rats
  An adder skeleton (D:4)
  A dart slug (D:3)
  6 orcs
  2 endoplasms
  7 giant cockroaches
  21 goblins
  7 hobgoblins
  10 jackals
  6 kobolds
  4 quokkas
  9 ball pythons
  4 bats
  5 frilled lizards
  9 rats
111 creatures vanquished.

Vanquished Creatures (others)
  2 fulminant prisms (D:4)
  6 plants (D:4)
8 creatures vanquished.

Grand Total: 119 creatures vanquished

Notes
Turn   | Place    | Note
-------+----------+-------------------------------------------
     0 | D:1      | wakim the Djinni Conjurer began the quest for the Orb.
     0 | D:1      | Reached XP level 1. HP: 15/15 MP: 0/0
   169 | D:1      | Reached XP level 2. HP: 18/22 MP: 0/0
   177 | D:1      | Reached skill level 1 in Fighting
   467 | D:1      | Found Lauwuomn's Weapon Emporium.
   470 | D:1      | Found Nyniqir's Antique Armour Boutique.
   755 | D:1      | Reached XP level 3. HP: 25/27 MP: 0/0
   755 | D:1      | Learned a level 1 spell: Sting
  1229 | D:2      | Reached skill level 4 in Spellcasting
  1488 | D:2      | You are sucked into a shaft and drop 1 floor!
  1796 | D:3      | Found a glowing drain.
  1807 | D:3      | Reached XP level 4. HP: 19/33 MP: 0/0
  1823 | Sewer    | Entered a sewer
  2110 | Sewer    | Noticed a kobold brigand
  2125 | Sewer    | Killed a kobold brigand
  2126 | Sewer    | Reached XP level 5. HP: 21/40 MP: 0/0
  2126 | Sewer    | Learned a level 2 spell: Passwall
  2282 | Sewer    | Found a white marble altar of Elyvilon.
  3454 | D:3      | Identified a scroll of acquirement
  3454 | D:3      | Acquired 1025 gold pieces
  3459 | D:4      | Found a transporter.
  3459 | D:4      | Noticed casual's ghost (novice DjCj)
  3475 | D:4      | Noticed a kobold demonologist
  3476 | D:4      | Found a burning altar of Makhleb.
  3477 | D:4      | Found a transporter.
  3483 | D:4      | Found a transporter.
  3577 | D:4      | Noticed Robin
  3584 | D:4      | Killed Robin
  3585 | D:4      | Reached XP level 6. HP: 40/46 MP: 0/0
  3675 | D:4      | Reached skill level 1 in Shields
  3954 | D:4      | Identified the +8 short sword of Honour {pain, +Blink}
  3957 | D:4      | Found a transporter.
  4395 | D:5      | Entered Level 5 of the Dungeon
  4659 | D:5      | Reached skill level 5 in Spellcasting
  4659 | D:5      | Reached XP level 7. HP: 11/51 MP: 0/0
  4659 | D:5      | Learned a level 3 spell: Stone Arrow
  4663 | D:5      | Slain by an iguana

Illustrated notes

Levels and vault maps discovered:
D:1:      giann_bridges, layout_rooms, serial_shops, nicolae_shop_trees,
          nicolae_shop_waterfront
D:2:      layout_basic, shapermc_ecumenical_altar_flowoftime,
          hangedman_glass_teeth
D:3:      wad_river_or_something, layout_basic, portal_sewer_entry_c,
          kennysheep_flooded_box
D:4:      layout_cave_pools, gammafunk_temple_overflow_arena,
          gammafunk_ghost_mausoleum, serial_bayou_lagoon_b, uniq_robin
D:5:      layout_gridville

Skill      XL: |  1  2  3  4  5  6 |
---------------+-------------------+-----
Fighting       | 1 2 3 |  3.8
Spellcasting   | 4 5 |  5.0
Dodging        | 3 |  3.4
Shields        | 2 |  2.4
Stealth        | 2 |  2.2

Action                   |  1- 3 |  4- 6 |  7- 9 || total
-------------------------+-------+-------+-------++-------
Melee: Unarmed           |     1 |       |       ||     1
       Short sword       |       |       |     2 ||     2
 Cast: Magic Dart        |    65 |    87 |       ||   152
       Searing Ray       |     3 |    17 |     2 ||    22
       Fulminant Prism   |       |     2 |       ||     2
       Iskenderun's Myst |       |     3 |       ||     3
  Use: Scroll            |     2 |     6 |       ||     8
Armor: Robe              |     5 |       |       ||     5
Dodge: Dodged            |     5 |    12 |       ||    17
Block: Buckler           |       |       |     1 ||     1

Table legend: (Time is in decaauts)
 A = Elapsed time spent in this place.
 B = Non-inter-level travel time spent in this place.
 C = Inter-level travel time spent in this place.
 D = Time resting spent in this place.
 E = Time spent auto-exploring this place.
 F = Levels seen in this place.
 G = Mean time per level.
                   A        B        C        D        E       F      G
               +--------+--------+--------+--------+--------+-----+--------+
         Total |   4667 |   4557 |    110 |    214 |   3793 |   6 |  777.8 |
       Dungeon |   4169 |   4059 |    110 |      0 |   3573 |   5 |  833.8 |
         Sewer |    497 |    497 |      0 |    214 |    220 |   1 |  497.0 |
               +--------+--------+--------+--------+--------+-----+--------+

Top non-repeatable levels by time:
     D:3: 1472 daAuts
     D:1: 1048 daAuts
     D:4: 941 daAuts
   Sewer: 497 daAuts
     D:2: 439 daAuts
     D:5: 268 daAuts
